[ AOE2 MATCH · #495907396 ]
UnrankedBurgundians vs Wu
Rival team · LOSS
[ REPLAY ANALYSIS · EXTRACTED FROM THE RECORDED GAME ]
Feudal
8:27
Castle
20:18
Imperial
37:27
| APM avg | 48.3 |
| APM peak | 81 |
| eAPM avg | 25.9 |
| Villagers / military | 168 / 125 |
Focus
⚔️ 33.7% · 🌾 66.3%
Knight ×54 · Skirmisher ×44 · Archer ×7 · Flemish Militia ×7 · Scout Cavalry ×5 · Trebuchet (Packed) ×4
Feudal
9:21
Castle
22:42
Imperial
40:09
| APM avg | 68.5 |
| APM peak | 103 |
| eAPM avg | 28.9 |
| Villagers / military | 147 / 70 |
Focus
⚔️ 33.0% · 🌾 67.0%
Cavalry Archer ×36 · Unknown (1944) ×22 · Monk ×11 · Skirmisher ×9 · Militia ×7 · Battering Ram ×4
Match map
Initial resources + every placement click. Lines = walls · curves = elevation contours. ◆ gold · ⬟ stone · ● berries · ✦ relic · ◌ wall gap
Your base· ✓ Closed at 20:18 · 30t walls · 1 gate(s)
OS+ | Sziky's base· ✓ Closed at 22:42 · 34t walls · no gate
Smoothed initial terrain · ◌ = detected wall gap · hover for details
Inputs per minute
— vuppE - - OS+ | Sziky
Build order — vuppE
First 150 of 381 actions detected
| 0:00 | Queue | Villager (Male) ×4 |
| 0:01 | Build | House |
| 0:02 | Build | House |
| 1:29 | Queue | Villager (Male) |
| 1:54 | Queue | Villager (Male) |
| 2:18 | Build | Mill |
| 2:23 | Queue | Villager (Male) |
| 2:44 | Queue | Villager (Male) |
| 3:09 | Queue | Villager (Male) |
| 3:14 | Queue | Villager (Male) |
| 3:23 | Build | House |
| 3:35 | Queue | Villager (Male) |
| 3:55 | Queue | Villager (Male) |
| 4:07 | Queue | Villager (Male) |
| 4:24 | Queue | Villager (Male) |
| 4:24 | Queue | Villager (Male) |
| 5:11 | Queue | Villager (Male) |
| 5:28 | Build | Lumber Camp |
| 6:12 | Research | Loom |
| 6:17 | Research | Feudal Age |
| 6:37 | Research | Double-Bit Axe |
| 6:55 | Build | Palisade Wall |
| 6:58 | Build | House |
| 7:06 | Research | Loom |
| 7:39 | Build | Barracks |
| 7:57 | Build | House |
| 8:27 | Age | Feudal Age |
| 8:27 | Build | Palisade Wall |
| 8:32 | Queue | Flemish Militia |
| 8:32 | Queue | Flemish Militia |
| 8:35 | Build | Mining Camp |
| 8:37 | Queue | Villager (Male) |
| 9:01 | Queue | Villager (Male) |
| 9:14 | Research | Bow Saw |
| 9:20 | Queue | Flemish Militia |
| 9:23 | Build | Palisade Wall |
| 9:25 | Build | Palisade Wall |
| 9:29 | Queue | Villager (Male) |
| 9:35 | Build | Palisade Wall |
| 9:53 | Queue | Flemish Militia |
| 9:56 | Queue | Villager (Male) |
| 10:00 | Build | Mill |
| 10:08 | Build | House |
| 10:22 | Queue | Villager (Male) |
| 10:24 | Queue | Flemish Militia |
| 10:42 | Queue | Villager (Male) |
| 11:02 | Build | Archery Range |
| 11:05 | Queue | Flemish Militia |
| 11:12 | Queue | Villager (Male) |
| 11:16 | Queue | Flemish Militia |
| 11:21 | Build | Farm |
| 11:29 | Build | House |
| 11:41 | Build | Farm |
| 11:43 | Queue | Villager (Male) |
| 11:44 | Queue | Archer |
| 12:02 | Build | House |
| 12:05 | Queue | Archer |
| 12:07 | Queue | Villager (Male) |
| 12:13 | Build | Farm |
| 12:23 | Queue | Villager (Male) |
| 12:30 | Build | Farm |
| 12:33 | Queue | Archer |
| 12:37 | Build | House |
| 12:59 | Queue | Villager (Male) |
| 13:00 | Build | Farm |
| 13:10 | Build | Palisade Wall |
| 13:12 | Build | Palisade Wall |
| 13:12 | Build | Palisade Wall |
| 13:21 | Queue | Villager (Male) |
| 13:23 | Build | Farm |
| 13:24 | Build | Farm |
| 13:28 | Queue | Archer |
| 13:36 | Queue | Villager (Male) |
| 13:52 | Build | Blacksmith |
| 14:00 | Queue | Villager (Male) |
| 14:01 | Queue | Archer |
| 14:25 | Build | Farm |
| 14:27 | Build | Farm |
| 14:30 | Queue | Villager (Male) |
| 14:36 | Research | Fletching |
| 14:39 | Queue | Archer |
| 14:51 | Build | Farm |
| 14:54 | Build | House |
| 14:58 | Queue | Villager (Male) |
| 15:01 | Research | Wheelbarrow |
| 15:53 | Queue | Archer |
| 16:04 | Build | House |
| 16:13 | Queue | Villager (Male) |
| 16:15 | Build | Farm |
| 16:16 | Build | Farm |
| 16:18 | Build | Farm |
| 16:29 | Queue | Villager (Male) |
| 16:33 | Build | Farm |
| 16:34 | Build | House |
| 17:12 | Queue | Villager (Male) |
| 17:12 | Queue | Villager (Male) |
| 17:16 | Build | Farm |
| 17:18 | Build | Stable |
| 17:38 | Research | Castle Age |
| 18:10 | Build | Stable |
| 18:13 | Research | Scale Barding Armor |
| 18:23 | Research | Horse Collar |
| 18:37 | Build | Palisade Gate |
| 18:40 | Build | House |
| 18:55 | Build | Farm |
| 18:57 | Build | Farm |
| 19:06 | Build | Farm |
| 19:22 | Queue | Villager (Male) |
| 19:36 | Research | Heavy Plow |
| 19:38 | Queue | Scout Cavalry |
| 19:38 | Queue | Scout Cavalry |
| 19:48 | Build | Farm |
| 20:18 | Age | Castle Age |
| 20:20 | Research | Cavalier (upgrade) |
| 20:21 | Queue | Knight |
| 20:26 | Build | Monastery |
| 20:30 | Queue | Knight |
| 20:36 | Queue | Villager (Male) |
| 20:58 | Queue | Knight |
| 21:00 | Build | Farm |
| 21:03 | Queue | Villager (Male) |
| 21:09 | Queue | Monk |
| 21:17 | Queue | Villager (Male) |
| 21:22 | Build | Town Center |
| 21:28 | Queue | Knight |
| 21:41 | Queue | Villager (Male) |
| 21:53 | Research | Husbandry |
| 21:53 | Queue | Knight |
| 22:13 | Queue | Villager (Male) |
| 22:21 | Queue | Knight |
| 22:44 | Queue | Villager (Male) |
| 22:46 | Queue | Villager (Male) |
| 22:46 | Queue | Villager (Male) |
| 22:48 | Build | Farm |
| 22:49 | Build | Farm |
| 22:56 | Build | Town Center |
| 23:01 | Queue | Villager (Male) |
| 23:01 | Queue | Villager (Male) |
| 23:09 | Queue | Monk |
| 23:21 | Build | Farm |
| 23:25 | Build | Farm |
| 23:27 | Build | Farm |
| 23:28 | Build | Farm |
| 23:33 | Queue | Villager (Male) |
| 23:33 | Queue | Villager (Male) |
| 23:39 | Build | House |
| 23:42 | Build | Farm |
| 23:51 | Build | Farm |
| 23:56 | Queue | Villager (Male) |
| 23:56 | Queue | Villager (Male) |
Build order — OS+ | Sziky
First 150 of 425 actions detected
| 0:02 | Build | House |
| 0:02 | Build | House |
| 0:06 | Queue | Villager (Male) |
| 0:29 | Queue | Villager (Male) |
| 0:34 | Queue | Villager (Male) |
| 0:34 | Queue | Villager (Male) |
| 1:29 | Queue | Villager (Male) |
| 1:54 | Build | Lumber Camp |
| 2:01 | Queue | Villager (Male) |
| 2:06 | Build | Lumber Camp |
| 2:14 | Queue | Villager (Male) |
| 2:46 | Queue | Villager (Male) |
| 3:02 | Queue | Villager (Male) |
| 3:42 | Queue | Villager (Male) |
| 3:58 | Build | House |
| 3:59 | Build | House |
| 4:06 | Queue | Villager (Male) |
| 4:37 | Queue | Villager (Male) |
| 4:56 | Queue | Villager (Male) |
| 5:22 | Queue | Villager (Male) |
| 5:31 | Queue | Villager (Male) |
| 5:40 | Queue | Villager (Male) |
| 5:41 | Research | Loom |
| 5:48 | Build | Barracks |
| 5:49 | Build | Palisade Wall |
| 5:51 | Build | Palisade Wall |
| 5:52 | Build | Palisade Wall |
| 7:08 | Research | Feudal Age |
| 7:22 | Queue | Militia |
| 7:25 | Build | Mill |
| 7:58 | Build | House |
| 8:01 | Queue | Militia |
| 8:03 | Queue | Militia |
| 8:37 | Build | Lumber Camp |
| 8:41 | Queue | Villager (Male) |
| 9:15 | Queue | Villager (Male) |
| 9:21 | Age | Feudal Age |
| 9:22 | Research | Man-at-Arms (upgrade) |
| 9:22 | Research | Man-at-Arms (upgrade) |
| 9:41 | Queue | Villager (Male) |
| 10:03 | Research | Double-Bit Axe |
| 10:34 | Queue | Villager (Male) |
| 10:43 | Build | Farm |
| 10:44 | Build | Farm |
| 10:46 | Build | Farm |
| 10:48 | Queue | Militia |
| 10:50 | Build | Mining Camp |
| 10:57 | Queue | Villager (Male) |
| 11:07 | Build | House |
| 11:19 | Build | Farm |
| 11:28 | Build | House |
| 11:28 | Queue | Villager (Male) |
| 11:38 | Build | Farm |
| 11:39 | Build | Farm |
| 11:53 | Queue | Villager (Male) |
| 12:06 | Queue | Militia |
| 12:16 | Build | Blacksmith |
| 12:20 | Build | Palisade Wall |
| 12:23 | Build | Farm |
| 12:25 | Queue | Villager (Male) |
| 12:29 | Build | Palisade Wall |
| 12:34 | Queue | Villager (Male) |
| 12:38 | Build | Palisade Wall |
| 12:58 | Queue | Militia |
| 13:07 | Queue | Villager (Male) |
| 13:08 | Build | Farm |
| 13:14 | Build | Farm |
| 13:26 | Queue | Villager (Male) |
| 13:34 | Queue | Militia |
| 13:42 | Queue | Villager (Male) |
| 13:48 | Build | Farm |
| 13:58 | Queue | Villager (Male) |
| 14:05 | Build | House |
| 14:07 | Queue | Villager (Male) |
| 14:12 | Queue | Villager (Male) |
| 14:13 | Build | House |
| 14:23 | Research | Scale Mail Armor |
| 14:23 | Research | Scale Mail Armor |
| 14:24 | Queue | Villager (Male) |
| 14:29 | Build | Archery Range |
| 14:30 | Queue | Villager (Male) |
| 14:49 | Queue | Villager (Male) |
| 15:03 | Queue | Skirmisher |
| 15:08 | Queue | Villager (Male) |
| 15:13 | Build | Farm |
| 15:16 | Queue | Villager (Male) |
| 15:24 | Queue | Skirmisher |
| 15:30 | Queue | Skirmisher |
| 15:32 | Queue | Villager (Male) |
| 15:43 | Queue | Villager (Male) |
| 15:51 | Research | Padded Archer Armor |
| 15:51 | Research | Padded Archer Armor |
| 15:52 | Queue | Skirmisher |
| 16:04 | Queue | Villager (Male) |
| 16:08 | Build | Farm |
| 16:09 | Build | Farm |
| 16:09 | Queue | Villager (Male) |
| 16:14 | Research | Fletching |
| 16:15 | Queue | Skirmisher |
| 16:17 | Queue | Villager (Male) |
| 16:23 | Queue | Villager (Male) |
| 16:27 | Build | House |
| 16:44 | Queue | Villager (Male) |
| 16:54 | Queue | Skirmisher |
| 17:03 | Queue | Villager (Male) |
| 17:14 | Queue | Villager (Male) |
| 17:20 | Queue | Villager (Male) |
| 17:23 | Build | Farm |
| 17:23 | Build | Farm |
| 17:24 | Queue | Villager (Male) |
| 17:32 | Queue | Skirmisher |
| 17:35 | Build | Farm |
| 17:49 | Build | House |
| 17:59 | Build | Farm |
| 18:00 | Queue | Villager (Male) |
| 18:07 | Build | Farm |
| 18:09 | Queue | Skirmisher |
| 18:11 | Queue | Spearman |
| 18:21 | Build | Market |
| 18:32 | Build | House |
| 18:33 | Build | Palisade Wall |
| 18:42 | Research | Wheelbarrow |
| 18:42 | Research | Wheelbarrow |
| 18:51 | Build | Farm |
| 18:56 | Build | House |
| 18:58 | Build | Palisade Wall |
| 20:02 | Research | Castle Age |
| 20:02 | Research | Castle Age |
| 20:30 | Queue | Skirmisher |
| 20:38 | Build | Archery Range |
| 20:47 | Research | Horse Collar |
| 20:51 | Research | Gold Mining |
| 21:06 | Build | Farm |
| 21:28 | Build | House |
| 21:41 | Queue | Villager (Male) |
| 21:46 | Queue | Archer |
| 21:46 | Queue | Archer |
| 21:47 | Build | Farm |
| 21:48 | Build | Farm |
| 21:57 | Build | Palisade Wall |
| 22:16 | Queue | Villager (Male) |
| 22:22 | Build | House |
| 22:36 | Build | House |
| 22:41 | Build | House |
| 22:42 | Age | Castle Age |
| 22:43 | Queue | Cavalry Archer |
| 22:43 | Queue | Cavalry Archer |
| 22:46 | Build | Monastery |
| 22:49 | Build | Town Center |
| 23:00 | Build | House |
Match timeline
| 5:48 | OS+ | Sziky · first_building Barracks |
| 5:49 | OS+ | Sziky · wall_segment Palisade Wall x1 |
| 5:51 | OS+ | Sziky · wall_segment Palisade Wall x1 |
| 5:52 | OS+ | Sziky · wall_segment Palisade Wall x1 |
| 6:55 | vuppE · wall_segment Palisade Wall x1 |
| 7:39 | vuppE · first_building Barracks |
| 8:27 | vuppE · age_up feudal |
| 8:27 | vuppE · wall_segment Palisade Wall x6 |
| 9:21 | OS+ | Sziky · age_up feudal |
| 9:23 | vuppE · wall_segment Palisade Wall x3 |
| 9:25 | vuppE · wall_segment Palisade Wall x5 |
| 9:35 | vuppE · wall_segment Palisade Wall x9 |
| 11:02 | vuppE · first_building Archery Range |
| 12:20 | OS+ | Sziky · wall_segment Palisade Wall x1 |
| 12:29 | OS+ | Sziky · wall_segment Palisade Wall x7 |
| 12:38 | OS+ | Sziky · wall_segment Palisade Wall x7 |
| 13:10 | vuppE · wall_segment Palisade Wall x4 |
| 13:12 | vuppE · wall_segment Palisade Wall x3 |
| 13:12 | vuppE · wall_segment Palisade Wall x1 |
| 14:29 | OS+ | Sziky · first_building Archery Range |
| 17:18 | vuppE · first_building Stable |
| 18:33 | OS+ | Sziky · wall_segment Palisade Wall x7 |
| 18:58 | OS+ | Sziky · wall_segment Palisade Wall x9 |
| 19:52 | OS+ | Sziky · first_market_buy 100 food |
| 20:18 | vuppE · age_up castle |
| 20:26 | vuppE · first_building Monastery |
| 21:57 | OS+ | Sziky · wall_segment Palisade Wall x1 |
| 22:42 | OS+ | Sziky · age_up castle |
| 22:46 | OS+ | Sziky · first_building Monastery |
| 25:20 | OS+ | Sziky · first_building Stable |
| 25:53 | OS+ | Sziky · wall_segment Palisade Wall x1 |
| 27:13 | vuppE · first_market_buy 100 stone |
| 32:12 | vuppE · first_building Castle |
| 35:22 | OS+ | Sziky · first_building Castle |
| 35:30 | OS+ | Sziky · first_building Siege Workshop |
| 37:27 | vuppE · age_up imperial |
| 39:45 | vuppE · wall_segment Stone Wall x2 |
| 39:47 | vuppE · wall_segment Stone Wall x1 |
| 40:09 | OS+ | Sziky · age_up imperial |
| 40:15 | OS+ | Sziky · first_market_sell 100 food |
| 40:45 | OS+ | Sziky · resign |
[ AI ANALYSIS · 1 CREDIT ]
What really happened in this match?
Wolo.gg analyzes every decision: build order, eco, micro, common mistakes by bracket. Personalized analysis on WhatsApp or Discord in 30 seconds.
Civ guide
Burgundians
Perfil
Jugador #275144